[Event "Late-Titled-Tuesday-Blitz-May-14-2024"]
[Site "Chess.com"]
[Date "2024.05.14"]
[Round "1"]
[White "DonPreuss"]
[Black "Nf3c5"]
[Result "1-0"]
[WhiteElo "2186"]
[BlackElo "2557"]
[TimeControl "180+1"]
[EndTime "14:07:38 PDT"]
[Termination "DonPreuss won by checkmate"]

1. d4 Nf6 2. Nc3 d5 3. e4 dxe4 4. f3 e5 5. dxe5 Qxd1+ 6. Kxd1 Nfd7 7. Nd5 Kd8 8. Bg5+ f6 9. exf6 gxf6 10. Nxf6 Be7 11. Nxe4 Rg8 12. Bxe7+ Kxe7 13. g3 Ne5 14. f4 Ng4 15. h3 Ne3+ 16. Ke2 Nxc2 17. Rc1 Nd4+ 18. Kd3 Nbc6 19. g4 Rd8 20. Ke3 Be6 21.
Bc4 Nb4 22. Bxe6 Nbc2+ 23. Kd2 Nb3+ 24. Kxc2 Nxc1 25. Kxc1 Kxe6 26. Nf3 h6 27. f5+ Kd5 28. Nc3+ Kc6 29. Rd1 Rxd1+ 30. Kxd1 Re8 31. Kd2 b5 32. a3 Kb6 33. h4 a5 34. g5 b4 35.
axb4 axb4 36. Nd5+ Kc5 37. Nf6 Rd8+ 38. Kc2 b3+ 39.
Kc3 hxg5 40. hxg5 Rd1 41. g6 Rf1 42. Ne4+ Kd5 43. Neg5 Ra1 44. f6 Kd6 45. g7 Ra8 46. f7 Ke7 47. f8=Q+ Rxf8 48. gxf8=Q+ Kxf8 49. Kxb3 Ke7 50. Kc4 Kd6 51. Ne4+ Kc6 52. Nc3 Kb6 53. Nd4 c6 54.
Nxc6 Kxc6 55. b4 Kb6 56. b5 Kc7 57. Kc5 Kb7 58. b6 Kb8 59. Kc6 Kc8 60. b7+ Kb8 61.
Nd5 Ka7 62. Kc7 Ka6 63. b8=Q Ka5 64. Qb3 Ka6 65. Qb6# 1-0

[Event "Late-Titled-Tuesday-Blitz-May-14-2024"]
[Site "Chess.com"]
[Date "2024.05.14"]
[Round "1"]
[White "bazar-wokzal"]
[Black "ilya2700"]
[Result "1-0"]
[WhiteElo "2603"]
[BlackElo "2232"]
[TimeControl "180+1"]
[EndTime "14:07:39 PDT"]
[Termination "bazar-wokzal won on time"]

1. e4 c5 2. c3 e6 3. d4 d5 4. exd5 exd5 5. Nf3 Nc6 6. Be3 c4 7. b3 cxb3 8. axb3 Nf6 9. Bd3 Bd6 10. Nbd2 O-O 11. Qc2 h6 12. O-O Be6 13. b4 Rc8 14.
Qb2 a6 15. b5 axb5 16. Qxb5 Ne7 17. Rfc1 Rc7 18. Ne5 Bxe5 19. dxe5 Nd7 20. Bd4 Nc6 21. f4 Nxd4 22. cxd4 g6 23. f5 gxf5 24. Nf3 Nb6 25. Rxc7 Qxc7 26. Rb1 Nc4 27. Qxb7 Qxb7 28. Rxb7 Ra8 29. Nh4 Ne3 30. h3 Ra4 31. Kf2 f4 32.
Nf3 Ra2+ 33. Be2 Nf5 34. Ke1 Ng3 35. Bd3 Rxg2 36. Nh4 Bxh3 37. Nxg2 Bxg2 38. Kf2 Be4 39. Bb5 1-0

[Event "Late-Titled-Tuesday-Blitz-May-14-2024"]
[Site "Chess.com"]
[Date "2024.05.14"]
[Round "1"]
[White "GMBenjaminBok"]
[Black "ATM622"]
[Result "1-0"]
[WhiteElo "3035"]
[BlackElo "2534"]
[TimeControl "180+1"]
[EndTime "14:07:40 PDT"]
[Termination "GMBenjaminBok won by resignation"]

1. d4 Nf6 2. c4 e6 3. Nc3 d5 4. cxd5 exd5 5. Bg5 Be7 6. e3 O-O 7. Bd3 h6 8. Bh4 c6 9. Nge2 Re8 10. O-O Nbd7 11.
a4 Nf8 12. a5 Rb8 13. Qc2 b6 14. axb6 axb6 15. Rfc1 Ne6 16. h3 Bb7 17. Ra7 b5 18. Bg3 Bd6 19. Rca1 Ng5 20. Bxd6 Qxd6 21. Ng3 Nfe4 22.
Ncxe4 dxe4 23. Nxe4 Nxe4 24. Bxe4 Qb4 25. Bf3 Rec8 26.
Rc1 g6 27. Qc3 Qe7 28. Qc5 Qf6 29. b4 h5 30. Qc3 Qd6 31. Qd2 Rc7 32. Rc5 Ra8 33.
Rxa8+ Bxa8 34. Qc3 Ra7 35. Bxc6 Bxc6 36. Rxc6 Ra1+ 37.
Qxa1 Qxc6 38. Qa7 Qc1+ 39. Kh2 Qe1 40. Qb8+ Kh7 41. Qxb5 Qxf2 42. Qe5 Qb2 43. b5 Kg8 44. Qb8+ Kh7 45. b6 Qb5 46. Qc7 Qe2 47. Qxf7+ 1-0

[Event "Late-Titled-Tuesday-Blitz-May-14-2024"]
[Site "Chess.com"]
[Date "2024.05.14"]
[Round "1"]
[White "manmanlai1"]
[Black "guineo59"]
[Result "1/2-1/2"]
[WhiteElo "2580"]
[BlackElo "2218"]
[TimeControl "180+1"]
[EndTime "14:07:40 PDT"]
[Termination "Game drawn by repetition"]

1. e4 e6 2. d4 d5 3. Nc3 Bb4 4. e5 c5 5. a3 Bxc3+ 6. bxc3 Ne7 7. h4 Qc7 8. Rh3 b6 9. h5 h6 10. Bb5+ Kf8 11. Be2 Ba6 12. Bxa6 Nxa6 13. Qg4 cxd4 14. cxd4 Qxc2 15. Ne2 Qf5 16. Qxf5 Nxf5 17. a4 Ke8 18. a5 b5 19. Rb3 Rb8 20. Ba3 Kd7 21. g4 Ne7 22.
Bd6 Rb7 23. Nc3 b4 24. Na4 Nc6 25. Nc5+ Nxc5 26. Bxc5 Rc8 27. a6 Rb5 28. f4 Rcb8 29.
Ke2 Na5 30. Rbb1 Nc6 31. Kd3 f6 32. Bd6 R8b6 33. f5 fxe5 34. dxe5 d4 35. fxe6+ Kxe6 36. Bf8 Nxe5+ 37. Kxd4 Rd5+ 38. Ke4 b3 39. Bxg7 Rb4+ 40.
Ke3 Nxg4+ 41. Kf3 Rd3+ 42. Ke2 Rd7 43. Bc3 Rb6 44. Ra4 Nf6 45. Bd4 Rbd6 46. Bxf6 Kxf6 47. Rxb3 Re6+ 48. Kf3 Rdd6 49. Rba3 Re5 50. Ra5 Rxa5 51. Rxa5 Rb6 52. Ke4 Rb4+ 53. Kd5 Rb6 54. Kc4 Rc6+ 55. Kb4 Rb6+ 56. Kc4 Rc6+ 57. Kd4 Rb6 58. Ke4 Rb4+ 59. Kd5 Rb6 60. Kd4 Rb4+ 61. Kc5 Rb6 62. Kc4 1/2-1/2

[Event "Late-Titled-Tuesday-Blitz-May-14-2024"]
[Site "Chess.com"]
[Date "2024.05.14"]
[Round "1"]
[White "GoltsevDmitry2000"]
[Black "Rdeux42"]
[Result "1-0"]
[WhiteElo "2736"]
[BlackElo "2404"]
[TimeControl "180+1"]
[EndTime "14:07:41 PDT"]
[Termination "GoltsevDmitry2000 won by resignation"]

1. e4 c5 2. Nf3 Nc6 3. d4 cxd4 4.
Nxd4 Nf6 5. Nc3 d6 6. Be2 Nxd4 7. Qxd4 g6 8. e5 dxe5 9. Qxe5 Bg7 10. O-O O-O 11. Rd1 Qb6 12. Be3 Qe6 13. Qxe6 Bxe6 14. Nb5 Rac8 15. c3 a6 16. Nd4 Bc4 17. Bf3 b5 18.
Nc6 Rfe8 19. Bc5 Rc7 20. Bb6 Rb7 21. Ba5 Rd7 22. Nb4 e5 23. Rxd7 Nxd7 24. Bc6 Re7 25. Rd1 Nf8 26. Bd8 Re6 27. b3 a5 28.
Bxa5 Be2 29. Rd2 Bh5 30. Bxb5 e4 31. Nd5 Bh6 32. Ne3 Re5 33. a4 Ne6 34. Bb6 Nc5 35.
a5 Nxb3 36. Rd8+ Kg7 37. Bc4 Nxa5 38. Bd4 Bf4 39. Bxe5+ Bxe5 40. Bd5 f5 41. Ra8 f4 42. Rxa5 fxe3 43. fxe3 Bxc3 44. Ra7+ Kf6 45. Bxe4 Bb4 46. Rxh7 Bc5 47. Kf2 Bd1 48. Rc7 Bb4 49. Rc6+ Ke5 50.
Bxg6 Ba4 51. Rc4 1-0

[Event "Late-Titled-Tuesday-Blitz-May-14-2024"]
[Site "Chess.com"]
[Date "2024.05.14"]
[Round "1"]
[White "Chessdude1987"]
[Black "Rital44"]
[Result "0-1"]
[WhiteElo "2380"]
[BlackElo "2707"]
[TimeControl "180+1"]
[EndTime "14:07:41 PDT"]
[Termination "Rital44 won on time"]

1. e4 c5 2. Nf3 Nc6 3. Bb5 g6 4. O-O Bg7 5. Re1 e5 6. b4 cxb4 7. a3 Nge7 8. axb4 O-O 9. Bxc6 bxc6 10. Bb2 Qc7 11. Na3 Rb8 12. Bc3 d6 13. Nc4 Be6 14. Na5 h6 15. d4 Rfd8 16. dxe5 dxe5 17. Qe2 c5 18. b5 c4 19. Nc6 Nxc6 20. bxc6 Qxc6 21.
Rxa7 Qc5 22. Ra5 Rb5 23. Rxb5 Qxb5 24. Rd1 Ra8 25. h3 Kh7 26. Qd2 Ra3 27. Ra1 Rxa1+ 28. Bxa1 Qb1+ 29. Qe1 Qxc2 30. Nxe5 Qa2 31. f4 Qb3 32. Kh2 Bf8 33. Qc3 Bb4 34. Qxb3 cxb3 35. Bb2 Bd2 36. Kg3 g5 37. f5 Bf4+ 38. Kf3 Bxe5 39.
Bxe5 Bc4 40. Bb2 h5 41. g4 h4 42. e5 Bf1 43. e6 fxe6 44. fxe6 Kg6 45. e7 Kf7 46.
Ba3 Bxh3 47. Bb2 Kxe7 48. Ke4 Bxg4 49. Ke5 Be6 50. Ke4 Kf7 51. Ke5 h3 52. Ke4 h2 0-1

[Event "Late-Titled-Tuesday-Blitz-May-14-2024"]
[Site "Chess.com"]
[Date "2024.05.14"]
[Round "1"]
[White "noret"]
[Black "Leebit02"]
[Result "0-1"]
[WhiteElo "2078"]
[BlackElo "2568"]
[TimeControl "180+1"]
[EndTime "14:07:42 PDT"]
[Termination "Leebit02 won by resignation"]

1. e4 c5 2. Nf3 Nc6 3. d4 cxd4 4. Nxd4 e6 5. Nc3 a6 6. Be3 Nf6 7. a3 d6 8. f4 Be7 9. Qf3 e5 10. Nxc6 bxc6 11. Bc4 Rb8 12. Bb3 O-O 13. h3 exf4 14.
Bxf4 Nd7 15. O-O Nc5 16. Bc4 Be6 17. Bxe6 Nxe6 18. Bh2 Rxb2 19. Rad1 Rxc2 20. Qd3 Ra2 21. Qxa6 Rc2 22. Qd3 Rb2 23. Qc4 Qb6+ 24. Kh1 Qa5 25. Na4 Rb5 26. Bxd6 Bxd6 27. Rxd6 c5 28. Rdd1 h6 29.
Nc3 Rb7 30. a4 Rb4 31. Qa2 Rd4 32. Rb1 Qxc3 33. a5 Ra8 34. Ra1 Rd7 35. a6 Rda7 36.
Qe2 c4 37. Ra4 Rxa6 38. Rxc4 Qe5 39. Qg4 R6a7 40. Rc6 Qg5 41. Qxg5 Nxg5 42. e5 Ra1 43. Rxa1 Rxa1+ 44. Kh2 Re1 45. Rc8+ Kh7 46. Rc5 Ne6 47. Kg3 Nxc5 0-1

[Event "Late-Titled-Tuesday-Blitz-May-14-2024"]
[Site "Chess.com"]
[Date "2024.05.14"]
[Round "1"]
[White "lilylg"]
[Black "annasargsyan_m"]
[Result "0-1"]
[WhiteElo "2207"]
[BlackElo "2584"]
[TimeControl "180+1"]
[EndTime "14:07:43 PDT"]
[Termination "annasargsyan_m won on time"]

1. d4 d5 2. c4 c6 3. cxd5 cxd5 4. Bf4 Nc6 5. e3 Nf6 6. Nc3 Bf5 7. a3 e6 8. Rc1 Bd6 9. Bxd6 Qxd6 10. f4 O-O 11. Nf3 Ne4 12. Bd3 Rac8 13. O-O h6 14. Na4 Ne7 15.
b4 Rxc1 16. Qxc1 Rc8 17. Qb1 b6 18. Rc1 Rxc1+ 19. Qxc1 Qd7 20. Nb2 f6 21. Nd2 Nd6 22.
Qc2 Bxd3 23. Qxd3 Qc6 24. Nb3 Ne4 25. Nd1 Nf5 26. Nd2 Qc1 27. Nxe4 dxe4 28. Qb3 Kf7 29. d5 exd5 30. Qxd5+ Kg6 31. g4 Nxe3 32. Qxe4+ Kf7 33. Qxe3 Qxd1+ 34. Kf2 Qxg4 35. h3 Qe6 36. Qc3 Qd6 37.
Qb3+ Kf8 38. Qe3 g5 39. fxg5 hxg5 40. Qc3 Kg7 41. Kg2 Qe5 42. Qc6 Qb2+ 43. Kg3 Qxa3+ 44.
Kg2 Qxb4 45. Qd7+ Kh6 46. Qf7 Qe4+ 47. Kg3 Qe5+ 48. Kg2 a5 49. Qf8+ Kg6 50. Qg8+ Kf5 51. Qh7+ Ke6 52. Qg8+ Kd6 53. Qb8+ Kc5 54. Qc8+ Kb5 55.
Qd7+ Kb4 56. Qd2+ Qc3 57. Qd6+ Qc5 58. Qxf6 Qd5+ 59. Kg1 b5 60. Qb2+ Kc5 61. Qa3+ Kb6 62. Qg3 a4 63. Qb8+ Ka5 64. Qa7+ Kb4 65. Qe7+ Qc5+ 0-1

[Event "Late-Titled-Tuesday-Blitz-May-14-2024"]
[Site "Chess.com"]
[Date "2024.05.14"]
[Round "1"]
[White "KorolDimitriy75"]
[Black "farzadbfd"]
[Result "0-1"]
[WhiteElo "2401"]
[BlackElo "2731"]
[TimeControl "180+1"]
[EndTime "14:07:44 PDT"]
[Termination "farzadbfd won on time"]

1. d4 Nf6 2. c4 e6 3. Nc3 d5 4.
Bg5 Be7 5. cxd5 exd5 6. e3 c6 7.
Bd3 O-O 8. Qc2 Nbd7 9. Nge2 Re8 10. f3 Nf8 11. O-O Nh5 12. Bxe7 Qxe7 13. e4 g6 14. e5 Ng7 15. f4 Bf5 16. Ng3 Bxd3 17. Qxd3 f5 18. Rad1 Nfe6 19. Nge2 a5 20. h3 a4 21. a3 Rf8 22. Kh2 Qc7 23. g4 Qe7 24. g5 Nh5 25. Qe3 Qc7 26. Ng3 Nxg3 27. Kxg3 Rfe8 28. h4 Ng7 29. Kg2 Qb6 30. Rd2 Ra5 31.
Rc1 Qb3 32. Rcc2 Ra6 33. Kf3 Qc4 34. Ne2 Qb5 35. Ng3 Rb6 36. Qd3 Qa5 37. h5 Kf7 38. Rc3 Rb5 39. Rh2 Qb6 40. Rcc2 Rb3 41. Rc3 Rxb2 42. Rcc2 Rb3 43. Rc3 Ra8 44. hxg6+ hxg6 0-1

[Event "Late-Titled-Tuesday-Blitz-May-14-2024"]
[Site "Chess.com"]
[Date "2024.05.14"]
[Round "1"]
[White "picturesquecheck"]
[Black "Mops_2004"]
[Result "0-1"]
[WhiteElo "2456"]
[BlackElo "2826"]
[TimeControl "180+1"]
[EndTime "14:07:45 PDT"]
[Termination "Mops_2004 won by resignation"]

1. e4 g6 2. d4 Bg7 3. Nc3 d6 4.
Nf3 a6 5. Be2 Nf6 6. h3 O-O 7.
Be3 b5 8. e5 Nfd7 9. exd6 cxd6 10. O-O Bb7 11. a3 Nc6 12. Qd2 Rc8 13. Rad1 Na5 14.
Qc1 Nc4 15. Bxc4 Rxc4 16. Nd2 Rc7 17. Nb3 Qa8 18. f3 Re8 19. Bh6 Bh8 20. Rfe1 Nb6 21.
Na5 Nd5 22. Nxb7 Qxb7 23. Nxd5 Qxd5 24. c3 Bf6 25. Qd2 a5 26. Re4 Rb8 27. Rg4 b4 28.
axb4 axb4 29. Bg5 h5 30. Rg3 Bg7 31. f4 e6 32. Kh2 bxc3 33. bxc3 Rbc8 34. Rc1 Rc4 35.
Qe2 Qf5 36. Ra1 Kh7 37. Ra7 Rxc3 38. Rxc3 Rxc3 39. Qd2 Rc8 40. Rd7 d5 41. Qe2 Kg8 42. Qe3 Qe4 43. Qxe4 dxe4 44. Bh4 e3 45. Kg1 Rc1+ 46.
Kh2 e2 47. d5 exd5 48. Re7 Rc2 0-1

[Event "Late-Titled-Tuesday-Blitz-May-14-2024"]
[Site "Chess.com"]
[Date "2024.05.14"]
[Round "1"]
[White "FaustinoOro"]
[Black "JM05C"]
[Result "1-0"]
[WhiteElo "2921"]
[BlackElo "2519"]
[TimeControl "180+1"]
[EndTime "14:07:46 PDT"]
[Termination "FaustinoOro won by resignation"]

1. Nf3 Nf6 2. b3 d5 3. Bb2 e6 4.
e3 Bd6 5. d4 O-O 6. Bd3 c6 7.
O-O Nbd7 8. Nbd2 Qc7 9. c4 e5 10. cxd5 cxd5 11. Rc1 Qb8 12. dxe5 Nxe5 13. Nxe5 Bxe5 14.
Bxe5 Qxe5 15. Nf3 Qh5 16. h3 Be6 17. Rc7 Rab8 18. Nd4 Qe5 19. Rc1 Rbc8 20. Qe2 Ne4 21. Bxe4 dxe4 22. Rfd1 h6 23. Qb5 Qxb5 24. Nxb5 Rfd8 25.
Rxd8+ Rxd8 26. Nd4 Bd5 27. Rc7 g6 28. Kf1 Kf8 29.
Ke2 Ke8 30. a4 Rd7 31. Rc8+ Rd8 32. Rc5 b6 33. Rc3 a6 34. b4 Kd7 35. Kd2 Rc8 36.
Ne2 Rd8 37. Kc2 f5 38. Kd2 Ke6 39. Rc7 Rd7 40. Nd4+ Kd6 41. Rc8 Rc7 42. Rd8+ Rd7 43. Rb8 Kc7 44. Rh8 h5 45. Rh6 Bf7 46. h4 Kd6 47. Nxf5+ Ke5+ 48. Nd4 Rd8 49. Rh7 Kf6 50.
f4 Rd7 51. Rh8 Rc7 52. Rb8 Bc4 53. Rxb6+ 1-0

[Event "Late-Titled-Tuesday-Blitz-May-14-2024"]
[Site "Chess.com"]
[Date "2024.05.14"]
[Round "1"]
[White "MKlose11"]
[Black "hsd2016"]
[Result "1-0"]
[WhiteElo "2637"]
[BlackElo "2320"]
[TimeControl "180+1"]
[EndTime "14:07:47 PDT"]
[Termination "MKlose11 won on time"]

1. e4 c5 2. Nc3 d6 3. d3 Nc6 4.
g3 g6 5. Bg2 Bg7 6. Be3 e6 7. Qd2 Nge7 8. Bh6 O-O 9. h4 b5 10.
h5 b4 11. Nd1 e5 12. hxg6 Nxg6 13. Bxg7 Kxg7 14. Qh6+ Kf6 15. Ne3 Be6 16. Bh3 Qa5 17.
Bxe6 fxe6 18. Ng4+ Ke7 19. Qxh7+ Rf7 20. Qxg6 b3+ 21. c3 Nd4 22. Rh7 Rf8 23. Qg5+ Kd7 24. Rxf7+ Rxf7 25. Qg8 Re7 26. Nf6+ Kc6 27. Qa8+ Rb7 28. a3 Nc2+ 29. Kd2 Nxa1 30. Qe8+ Kb6 31. Nd7+ Kc7 32. Nf8 Nc2 33. Qd7+ Kb8 34. Qe8+ Kc7 35. Qd7+ Kb8 36. Qxd6+ Qc7 37. Qxe6 Nxa3 38. Qe8+ Qc8 39. Qxe5+ Ka8 40. Ne6 Nb1+ 41. Kc1 Na3 42. bxa3 b2+ 43.
Kb1 a6 44. Ne2 Qc6 45. Nd8 Qb5 46. Qd5 1-0

[Event "Late-Titled-Tuesday-Blitz-May-14-2024"]
[Site "Chess.com"]
[Date "2024.05.14"]
[Round "1"]
[White "Mikayel99"]
[Black "KatakuriDono"]
[Result "1-0"]
[WhiteElo "2619"]
[BlackElo "2306"]
[TimeControl "180+1"]
[EndTime "14:07:47 PDT"]
[Termination "Mikayel99 won by resignation"]

1. e4 c5 2. Nf3 Nc6 3. b3 d6 4. Bb2 e5 5. Be2 g6 6. O-O Bg7 7. Re1 Nge7 8. c3 O-O 9. Na3 a6 10. d4 cxd4 11. cxd4 exd4 12. Nxd4 Nxd4 13. Bxd4 Bxd4 14. Qxd4 Nc6 15. Qd2 Be6 16. Nc4 d5 17.
exd5 Bxd5 18. Rad1 Bxc4 19. Qb2 Qg5 20. Bxc4 Rad8 21.
h3 Rxd1 22. Rxd1 Rd8 23. Rxd8+ Qxd8 24. Qe2 Qd7 25. Qe4 Qe7 26. Qf4 Qe1+ 27. Kh2 Qe7 28. Bd5 Nd8 29. h4 h5 30. g3 Kg7 31. Qd4+ Qf6 32.
Qe3 b5 33. a4 bxa4 34. bxa4 Ne6 35. a5 Nd4 36. Bc4 Nf3+ 37. Kg2 Ne5 38. Be2 Nd7 39. Qa7 Qc6+ 40. Bf3 Qd6 41. Qb7 Nc5 42. Qb2+ Qf6 43. Qb4 Ne6 44. Qb6 Nd4 45. Bb7 Qe5 46. Qxa6 Nf5 47. Qb6 Qe2 48. Bf3 Qa2 49. a6 Qa1 50. a7 Nd4 51. a8=Q 1-0

[Event "Late-Titled-Tuesday-Blitz-May-14-2024"]
[Site "Chess.com"]
[Date "2024.05.14"]
[Round "1"]
[White "ozates"]
[Black "ColorsTrilogy"]
[Result "1-0"]
[WhiteElo "2655"]
[BlackElo "2334"]
[TimeControl "180+1"]
[EndTime "14:07:48 PDT"]
[Termination "ozates won by resignation"]

1. d4 Nf6 2. Nf3 e6 3. g3 b6 4.
Bg2 Bb7 5. O-O Be7 6. c4 O-O 7. Nc3 Ne4 8. d5 Nxc3 9. bxc3 Bf6 10. Qd3 Na6 11. Ba3 d6 12. e4 e5 13. Nd2 g6 14. f4 exf4 15. gxf4 Re8 16. Rae1 Qd7 17. e5 dxe5 18. Ne4 Bg7 19. f5 gxf5 20. Qh3 Bc8 21. Ng5 h6 22. Nf3 f4 23. Qh5 Qg4 24. Qxg4 Bxg4 25.
h3 Bd7 26. Nd2 Rad8 27. Kh2 f5 28. Bf3 c5 29. Bh5 Re7 30. Nf3 Nc7 31. Bc1 Bc8 32.
Bxf4 e4 33. Nh4 Ne8 34. Ng6 Red7 35. Ne5 Rd6 36. Rg1 Kh8 37. Nf7+ Kh7 38. Nxd6 Nxd6 39. Rg6 Ne8 40. Reg1 Ba6 41. Re6 Nf6 42. Bg6+ Kh8 43.
Bxf5 Bxc4 44. Re7 Rg8 45. d6 Nd5 46. Bxh6 Nxe7 47. dxe7 Be5+ 48. Kh1 Re8 49. Bf8 Bd5 50.
c4 Bc6 51. Re1 e3+ 52. Kg1 Be4 53. Bxe4 e2 54. Rxe2 Bd4+ 55. Kg2 Bf6 56. Bc6 1-0

[Event "Late-Titled-Tuesday-Blitz-May-14-2024"]
[Site "Chess.com"]
[Date "2024.05.14"]
[Round "1"]
[White "HandKnit"]
[Black "OK97"]
[Result "1/2-1/2"]
[WhiteElo "2507"]
[BlackElo "2884"]
[TimeControl "180+1"]
[EndTime "14:07:49 PDT"]
[Termination "Game drawn by repetition"]

1. c4 e6 2. Nf3 d5 3. g3 d4 4. Bg2 Nc6 5. e3 Nf6 6. O-O e5 7. exd4 e4 8. Re1 Be7 9. Ng5 Nxd4 10. Nxe4 Nxe4 11. Bxe4 h5 12. Nc3 c6 13. d3 Bg4 14.
f3 Be6 15. f4 Bg4 16. Qd2 f5 17. Bg2 h4 18. b3 hxg3 19. Ba3 Nf3+ 20. Bxf3 Qd4+ 21.
Qe3 Qxe3+ 22. Rxe3 Bxf3 23. Rxe7+ Kd8 24. hxg3 Rh1+ 25. Kf2 Rxa1 26. Kxf3 Rc8 27. Rxg7 Rc7 28.
Rg8+ Kd7 29. Bc5 b6 30. Bd4 Rc1 31. Be5 Rc8 32. Rg7+ Ke6 33. Rg6+ Kd7 34. Rf6 Rg8 35.
Rxf5 Rf1+ 36. Kg2 Re1 37. Rf7+ Ke6 38. Rxa7 Re3 39. Ne4 Rxd3 40. Rc7 c5 41. Rc6+ Kf5 42.
Ng5 Kg4 43. Rd6 Rxg3+ 44. Kf2 Ra8 45. a4 Rxb3 46. Ne4 Rb2+ 47. Ke3 Rb3+ 48. Kd2 Rxa4 49.
Nc3 Rb2+ 50. Kd3 Rab4 51. Rg6+ Kf5 52. Rf6+ Kg4 53. Rg6+ Kf5 54. Rf6+ Kg4 55. Rg6+ 1/2-1/2

[Event "Late-Titled-Tuesday-Blitz-May-14-2024"]
[Site "Chess.com"]
[Date "2024.05.14"]
[Round "1"]
[White "bubeliang"]
[Black "David_ATM"]
[Result "1-0"]
[WhiteElo "2810"]
[BlackElo "2452"]
[TimeControl "180+1"]
[EndTime "14:07:49 PDT"]
[Termination "bubeliang won on time"]

1. e4 e5 2. Nf3 Nc6 3. Bc4 Bc5 4.
c3 Nf6 5. d3 d6 6. O-O a6 7.
Re1 Ba7 8. h3 h6 9. Nbd2 g5 10.
d4 g4 11. hxg4 Bxg4 12. dxe5 Nxe5 13. Be2 Rg8 14. Qb3 Nfd7 15. Nd4 Bxe2 16. Rxe2 Nc5 17. Qc2 Ne6 18. N2f3 Nxf3+ 19. Nxf3 Qf6 20. Kf1 O-O-O 21.
Be3 Rxg2 22. Kxg2 Rg8+ 23. Ng5 Nf4+ 24. Bxf4 Qxf4 25. Kf1 Qxg5 26. Ree1 Qg2+ 27. Ke2 Qxf2+ 28. Kd1 Qf6 29. Qe2 Qe5 30. Rf1 Bb6 31. Qf3 Kb8 32. Kc2 Rg3 33. Qh1 h5 34. Rad1 Qg5 35. Rd2 h4 36.
Rf5 Qg6 37. Qxh4 Ka7 38. Qf6 Qg4 39. Rf4 Qh3 40. Re2 Qh1 41. Qxf7 Rg1 42. a3 Rc1+ 43. Kb3 Qd1+ 44. Kb4 a5+ 45. Kc4 Qa4+ 46. Kd5 Qb3+ 47. c4 1-0

[Event "Late-Titled-Tuesday-Blitz-May-14-2024"]
[Site "Chess.com"]
[Date "2024.05.14"]
[Round "1"]
[White "AradNazari"]
[Black "Quattroporte300"]
[Result "1-0"]
[WhiteElo "2799"]
[BlackElo "2444"]
[TimeControl "180+1"]
[EndTime "14:07:49 PDT"]
[Termination "AradNazari won on time"]

1. e4 c5 2. Nf3 e6 3. d4 cxd4 4. Nxd4 Nc6 5. Nc3 Qc7 6. Be3 a6 7.
Qf3 Nf6 8. O-O-O Ne5 9. Qg3 b5 10. f4 Neg4 11. Bg1 b4 12. Na4 h5 13. h3 Nxe4 14. Qf3 Ngf6 15. Bd3 Bb7 16. Qe3 d5 17. Bh2 Bd6 18. Nf3 O-O-O 19. Ne5 Kb8 20. g4 hxg4 21. hxg4 Bxe5 22. fxe5 Nxg4 23. Qf4 Ngf2 24.
Bxe4 Nxe4 25. Rd4 Rc8 26. c3 bxc3 27. b3 g5 28. Qe3 g4 29. Rdd1 Rh3 30. Qd4 g3 31.
Bg1 Bc6 32. Rxh3 Bxa4 33. Qxa4 Qxe5 34. Qxa6 Qg5+ 35. Kc2 Qe7 36. Qb6+ Qb7 37. Qd4 f5 38. Be3 Qc7 39. Rf1 Rg8 40. Bf4 Qxf4 41. Rxf4 g2 42.
Qb4+ Kc8 43. Rxe4 g1=Q 44. Rxc3+ Kd8 45. Qd6+ Ke8 46. Rxe6+ 1-0

[Event "Late-Titled-Tuesday-Blitz-May-14-2024"]
[Site "Chess.com"]
[Date "2024.05.14"]
[Round "1"]
[White "AlejandroArias"]
[Black "FLamps8"]
[Result "0-1"]
[WhiteElo "2352"]
[BlackElo "2672"]
[TimeControl "180+1"]
[EndTime "14:07:49 PDT"]
[Termination "FLamps8 won by checkmate"]

1. e3 d5 2. Nf3 Nf6 3. c4 e6 4. b3 a5 5. a3 b6 6. Bb2 Bb7 7. cxd5 exd5 8. d4 Bd6 9. Be2 O-O 10. O-O Ne4 11. Nc3 Nd7 12. Rc1 Nxc3 13. Rxc3 Qe7 14. a4 f5 15. Bb5 Nf6 16. Rc1 f4 17. exf4 Bxf4 18. Rc2 Ne4 19. Qd3 Rf6 20. Ne5 c5 21. g3 Bxe5 22. dxe5 Rh6 23. f3 Ng5 24. h4 Nh3+ 25. Kh2 Nf4 26. gxf4 Qxh4+ 27. Kg1 Qh1+ 28. Kf2 Qh2+ 29. Ke1 Qg3+ 30. Kd1 Qxf4 31. Rg2 Re6 32. Rh1 g6 33. Rg4 Qf7 34. Rgh4 c4 35. Qe3 d4 36.
Qxd4 Bxf3+ 37. Kc1 Bxh1 38. Bxc4 Bc6 39. Bxe6 Qxe6 40. Rf4 Rf8 41. Rxf8+ Kxf8 42. Qd8+ Kf7 43. Qd4 Qd5 44. Qf4+ Ke8 45. Qf6 Qh1+ 46. Kc2 Qe4+ 47.
Kc1 Qe1+ 48. Kc2 Be4# 0-1

[Event "Late-Titled-Tuesday-Blitz-May-14-2024"]
[Site "Chess.com"]
[Date "2024.05.14"]
[Round "1"]
[White "FizzyBand"]
[Black "gmcorrales"]
[Result "0-1"]
[WhiteElo "2522"]
[BlackElo "2931"]
[TimeControl "180+1"]
[EndTime "14:07:50 PDT"]
[Termination "gmcorrales won on time"]

1. e4 c5 2. Nf3 d6 3. d4 cxd4 4. Nxd4 Nf6 5. Nc3 g6 6. Be3 Bg7 7. f3 O-O 8. Qd2 Nc6 9. Bc4 Nd7 10. O-O-O Nb6 11. Be2 d5 12. exd5 Nxd5 13. Nxc6 bxc6 14. Nxd5 cxd5 15. Qxd5 Qc7 16. Qxa8 Bf5 17. Qxf8+ Kxf8 18. Rd2 h5 19. g3 Kg8 20. Rhd1 a5 21. c4 Qc6 22. b3 Qe6 23. Bf2 Kh7 24. Bd3 Qf6 25. Bxf5 Qxf5 26. f4 e5 27. Rd5 Qe4 28. fxe5 Bh6+ 29.
R5d2 a4 30. Kb2 Bxd2 31. Rxd2 Qxe5+ 32. Bd4 Qe1 33. Kc2 a3 34. c5 Qe4+ 35. Kc3 f5 36. b4 Qb1 37. c6 Qe4 38. b5 Qd5 39.
Kb4 Qd6+ 0-1

[Event "Late-Titled-Tuesday-Blitz-May-14-2024"]
[Site "Chess.com"]
[Date "2024.05.14"]
[Round "1"]
[White "shrek4life02"]
[Black "carloseduar100"]
[Result "1-0"]
[WhiteElo "2606"]
[BlackElo "2249"]
[TimeControl "180+1"]
[EndTime "14:07:51 PDT"]
[Termination "shrek4life02 won by resignation"]

1. d4 d5 2. c4 e5 3. dxe5 d4 4. Nf3 Nc6 5. e3 Bg4 6. exd4 Bxf3 7. gxf3 Qxd4 8. Nc3 Qxd1+ 9. Nxd1 Nxe5 10. Be2 O-O-O 11. Ne3 Nd3+ 12. Bxd3 Rxd3 13. Ke2 Rd8 14. b3 f6 15. Rg1 g6 16. Bb2 Bg7 17. h4 Ne7 18. h5 Rhe8 19. Kf1 Rd2 20. Bc3 Rd3 21. Rc1 g5 22.
Ke2 Rd6 23. Kf1 h6 24. f4 Rd7 25. fxg5 hxg5 26. Ng4 Ng8 27. Rh1 f5 28. Bxg7 Rxg7 29.
Ne3 Nh6 30. Kg2 c6 31. c5 Rd7 32. Nc4 Kc7 33. Nd6 Re6 34. b4 g4 35. Rc4 b6 36. Rf4 Rdxd6 37. cxd6+ Kxd6 38. Kg3 Re2 39. Rd1+ Kc7 40. Kh4 Re6 41. Kg5 c5 42.
bxc5 bxc5 43. Rd5 Kc6 44. Rd3 a5 45. Re3 Rd6 46. Re8 Kd5 47. Rf8 c4 48. Rc8 Nf7+ 49. Kxf5 Ne5 50. Re4 Nc6 51. Re1 c3 52. Kxg4 Kc4 53.
Kg5 c2 54. h6 Kd3 55. h7 Ne7 56. Rxe7 1-0

[Event "Late-Titled-Tuesday-Blitz-May-14-2024"]
[Site "Chess.com"]
[Date "2024.05.14"]
[Round "1"]
[White "Zq1"]
[Black "crosky"]
[Result "1-0"]
[WhiteElo "2614"]
[BlackElo "2293"]
[TimeControl "180+1"]
[EndTime "14:07:53 PDT"]
[Termination "Zq1 won on time"]

1. d4 Nf6 2. c4 e6 3. g3 d5 4. Bg2 Be7 5. Nf3 O-O 6. Qc2 dxc4 7. Qxc4 a6 8. Qc2 Bd7 9. Ne5 Nc6 10. Nxc6 Bxc6 11. Bxc6 bxc6 12. e3 Qd5 13. O-O c5 14. Nc3 Qc6 15. Na4 Ne4 16. f3 Ng5 17. e4 f5 18. h4 Nf7 19. Be3 fxe4 20. fxe4 Nd6 21. Nxc5 Nf7 22. Qa4 Qd6 23. Bf4 e5 24. Qd7 exf4 25.
Qxd6 Bxd6 26. Ne6 Rfe8 27. d5 fxg3 28. Kg2 Ne5 29. Rac1 Re7 30. Rc3 Rf7 31. Rxf7 Kxf7 32. Nxc7 Rc8 33. Nxa6 Rxc3 34. bxc3 Nc4 35. Nb4 Kf6 36.
Nd3 Ne3+ 37. Kg1 Ke7 38. a4 Nc4 39. Kg2 Kd7 40. Kf3 Ne5+ 41. Nxe5+ Bxe5 42. c4 Kc7 43. c5 g6 44. Kg2 Bd4 45. c6 Be5 46. a5 h6 47. Kf3 g5 48. hxg5 h5 49. g6 h4 50.
Kg2 Kd6 51. a6 1-0

[Event "Late-Titled-Tuesday-Blitz-May-14-2024"]
[Site "Chess.com"]
[Date "2024.05.14"]
[Round "1"]
[White "Hamisandwich"]
[Black "Walter_White_Poland"]
[Result "1-0"]
[WhiteElo "2728"]
[BlackElo "2399"]
[TimeControl "180+1"]
[EndTime "14:07:54 PDT"]
[Termination "Hamisandwich won by resignation"]

1. d4 d5 2. Bf4 c5 3. e3 Nc6 4. c3 Nf6 5. Nd2 Qb6 6. Qb3 c4 7. Qc2 Bg4 8. b3 cxb3 9. axb3 Rc8 10. Ngf3 e6 11. Be2 Bf5 12. Qb2 Nh5 13. Bg5 h6 14.
Bh4 g5 15. Bg3 Bg7 16. Qa3 a6 17. Bd6 Qd8 18. h3 Nf6 19. O-O Ne4 20. Nxe4 Bxe4 21. Nd2 Bg6 22. c4 h5 23. cxd5 exd5 24. g3 h4 25. g4 f5 26. Rfc1 Qd7 27. Bf3 Qe6 28. Qc5 fxg4 29. Bxg4 Bf5 30. Bxf5 Qxf5 31. Kg2 g4 32. Rh1 gxh3+ 33. Kf1 Bh6 34. Ke2 Rg8 35. Rag1 Rg2 36. Rf1 Kd7 37. Bh2 Bxe3 38. Qd6+ Ke8 39. Nf3 Kf7 40. Kxe3 Re8+ 41. Ne5+ Nxe5 42. Bxe5 Qe4+ 43.
Kd2 Rc8 44. Qf6+ Ke8 45. Rc1 Rxc1 46. Rxc1 Rxf2+ 47. Qxf2 Qg2 48. Qxg2 hxg2 49. Rg1 h3 50. Ke3 Kd7 51. Kf3 Ke6 52. Kg4 1-0